| TOP OF THE 1ST |
|
Arkansas Travelers batting - Pitching for Northwest Arkansas Naturals : RHP Nam Phong
|
|
Pitching: RHP Nam Phong
|
|
|
Batting: RHB Nick Lombardo
|
0-0: Ball 1-0: Called Strike 1-1: Fly out, F3 (Popup, 3SF, EV 82.5 MPH)
|
|
Batting: RHB Ricky Mejicanos
|
0-0: Ball 1-0: Ball 2-0: Called Strike 2-1: SINGLE (Groundball, P, EV 91.2 MPH) (infield hit)
|
|
Batting: RHB Juan Montez
|
0-0: Called Strike Ricky Mejicanos steals 2nd base 0-1: Called Strike Ricky Mejicanos steals 3rd base 0-2: Ball 1-2: Fly out, F8 (Flyball, 78S, EV 89.4 MPH)
|
|
Batting: LHB Mutsuo IIda
|
0-0: Foul Ball, location: 2F 0-1: Foul Ball, location: 2F 0-2: SINGLE (Groundball, 4M, EV 89.4 MPH) (infield hit) Ricky Mejicanos scores
|
|
Batting: RHB Kyler Seitz
|
0-0: Foul Ball, location: 2F 0-1: Ball 1-1: Ball 2-1: Swinging Strike 2-2: Ball 3-2: Ground out 6-3 (Groundball, 6, EV 88.1 MPH)
|
| Top of the 1st over - 1 run, 2 hits, 0 errors, 1 left on base; Arkansas 1 - Northwest Arkansas 0 |
| BOTTOM OF THE 1ST |
|
Northwest Arkansas Naturals batting - Pitching for Arkansas Travelers : RHP Jake Bruen
|
|
Pitching: RHP Jake Bruen
|
|
|
Batting: RHB Kevin Allen
|
0-0: Ball 1-0: Called Strike 1-1: Foul Ball, location: 2F 1-2: Ball 2-2: Ball 3-2: Foul Ball, location: 2F 3-2: Ground out 4-3 (Groundball, 4S, EV 70.0 MPH)
|
|
Batting: RHB Carlos Almada
|
0-0: Ball 1-0: Ball 2-0: Ball 3-0: Swinging Strike 3-1: Swinging Strike 3-2: Base on Balls
|
|
Batting: LHB Pablo Serrato
|
0-0: Called Strike 0-1: Ball 1-1: Ball 2-1: Swinging Strike 2-2: Ball 3-2: SINGLE (Flyball, 3D, EV 94.4 MPH) Carlos Almada to second
|
|
Batting: RHB Chang-keun Baik
|
0-0: Foul Ball, location: 2F 0-1: Ball 1-1: Called Strike 1-2: Ball 2-2: Foul Ball, location: 2F 2-2: Strikes out looking
|
|
Batting: RHB Nick Julien
|
0-0: Swinging Strike 0-1: Ball 1-1: Fielders Choice at 2nd, 6-4 (Groundball, 6, EV 91.2 MPH)
|
| Bottom of the 1st over - 0 runs, 1 hit, 0 errors, 2 left on base; Arkansas 1 - Northwest Arkansas 0 |
| TOP OF THE 2ND |
|
Arkansas Travelers batting - Pitching for Northwest Arkansas Naturals : RHP Nam Phong
|
|
Batting: LHB Dave Hicks
|
0-0: Called Strike 0-1: Ball 1-1: SINGLE (Flyball, 34D, EV 85.6 MPH)
|
|
Batting: RHB Kinya Nishimura
|
0-0: Ball 1-0: Ball Dave Hicks steals 2nd base 2-0: Ball 3-0: Base on Balls
|
|
Batting: RHB Ryan Pelletier
|
0-0: Ball 1-0: Ball 2-0: Called Strike 2-1: Called Strike 2-2: SINGLE (Line Drive, 9S, EV 100.6 MPH) Dave Hicks to third Kinya Nishimura to second
|
|
Batting: SHB Tim Connell
|
0-0: Foul Ball, location: 2F 0-1: Swinging Strike 0-2: Ball 1-2: Strikes out swinging
|
|
Batting: RHB Nick Lombardo
|
0-0: Ball 1-0: Foul Ball, location: 2F 1-1: Fielders Choice at 2nd, 6-4 (Groundball, 6, EV 99.4 MPH) Dave Hicks scores Kinya Nishimura to third
|
|
Batting: RHB Ricky Mejicanos
|
0-0: Ground out 4-3 (Groundball, 34, EV 88.1 MPH)
|
| Top of the 2nd over - 1 run, 2 hits, 0 errors, 2 left on base; Arkansas 2 - Northwest Arkansas 0 |
| BOTTOM OF THE 2ND |
|
Northwest Arkansas Naturals batting - Pitching for Arkansas Travelers : RHP Jake Bruen
|
|
Batting: RHB Edwin Ramos
|
0-0: Swinging Strike 0-1: SOLO HOME RUN (Line Drive, 7LD, EV 94.4 MPH), Distance : 363 ft
|
|
Batting: RHB Jon Griffin
|
0-0: Called Strike 0-1: Ball 1-1: Ball 2-1: Foul Ball, location: 2F 2-2: Ground out 1-3 (Groundball, 34S, EV 60.0 MPH)
|
|
Batting: RHB Nate De Jongh
|
0-0: Called Strike 0-1: Ball 1-1: Foul Ball, location: 2F 1-2: Fly out, F9 (Line Drive, 9S, EV 94.4 MPH)
|
|
Batting: SHB Danny Ballenger
|
0-0: Called Strike 0-1: Ball 1-1: Called Strike 1-2: Foul Ball, location: 2F 1-2: Foul Ball, location: 2F 1-2: Ball 2-2: Ground out 1-3 (Groundball, 15S, EV 69.4 MPH)
|
| Bottom of the 2nd over - 1 run, 1 hit, 0 errors, 0 left on base; Arkansas 2 - Northwest Arkansas 1 |
| TOP OF THE 3RD |
|
Arkansas Travelers batting - Pitching for Northwest Arkansas Naturals : RHP Nam Phong
|
|
Batting: RHB Juan Montez
|
0-0: Ground out 6-3 (Groundball, 6, EV 80.6 MPH)
|
|
Batting: LHB Mutsuo IIda
|
0-0: Ball 1-0: Ball 2-0: Foul Ball, location: 2F 2-1: Fly out, F9 (Flyball, 89S, EV 88.8 MPH)
|
|
Batting: RHB Kyler Seitz
|
0-0: Ball 1-0: SINGLE (Flyball, 89S, EV 93.8 MPH)
|
|
Batting: LHB Dave Hicks
|
0-0: Ball 1-0: Ball 2-0: Ball 3-0: Called Strike 3-1: SINGLE (Line Drive, 56, EV 98.1 MPH) Kyler Seitz to second
|
|
Batting: RHB Kinya Nishimura
|
0-0: Fly out, F8 (Flyball, 8RD, EV 88.1 MPH)
|
| Top of the 3rd over - 0 runs, 2 hits, 0 errors, 2 left on base; Arkansas 2 - Northwest Arkansas 1 |
| BOTTOM OF THE 3RD |
|
Northwest Arkansas Naturals batting - Pitching for Arkansas Travelers : RHP Jake Bruen
|
|
Batting: RHB Kevin Allen
|
0-0: Ball 1-0: Foul Ball, location: 2F 1-1: Foul Ball, location: 2F 1-2: Foul Ball, location: 2F 1-2: Strikes out swinging
|
|
Batting: RHB Carlos Almada
|
0-0: Called Strike 0-1: Fly out, F8 (Flyball, 8LXD, EV 103.1 MPH)
|
|
Batting: LHB Pablo Serrato
|
0-0: Called Strike 0-1: Ball 1-1: Ball 2-1: Fly out, F9 (Flyball, 9S, EV 87.5 MPH)
|
| Bottom of the 3rd over - 0 runs, 0 hits, 0 errors, 0 left on base; Arkansas 2 - Northwest Arkansas 1 |
| TOP OF THE 4TH |
|
Arkansas Travelers batting - Pitching for Northwest Arkansas Naturals : RHP Nam Phong
|
|
Batting: RHB Ryan Pelletier
|
0-0: Called Strike 0-1: Ball 1-1: Ball 2-1: Fly out, F8 (Flyball, 8LD, EV 93.1 MPH)
|
|
Batting: SHB Tim Connell
|
0-0: Called Strike 0-1: Called Strike 0-2: Strikes out looking
|
|
Batting: RHB Nick Lombardo
|
0-0: Ball 1-0: Ball 2-0: Called Strike 2-1: Swinging Strike 2-2: Ball 3-2: Foul Ball, location: 2F 3-2: Ground out 5-3 (Groundball, 5S, EV 86.2 MPH)
|
| Top of the 4th over - 0 runs, 0 hits, 0 errors, 0 left on base; Arkansas 2 - Northwest Arkansas 1 |
| BOTTOM OF THE 4TH |
|
Northwest Arkansas Naturals batting - Pitching for Arkansas Travelers : RHP Jake Bruen
|
|
Batting: RHB Chang-keun Baik
|
0-0: Ball 1-0: Swinging Strike 1-1: Ball 2-1: Foul Ball, location: 2F 2-2: Ball 3-2: Base on Balls
|
|
Batting: RHB Nick Julien
|
0-0: Ball 1-0: Swinging Strike 1-1: Foul Ball, location: 2F 1-2: Strikes out looking
|
|
Batting: RHB Edwin Ramos
|
0-0: Called Strike 0-1: Called Strike 0-2: Ball Chang-keun Baik is caught stealing 2nd base 2-4 1-2: Foul Ball, location: 2F 1-2: Ball 2-2: Foul Ball, location: 2F 2-2: Ground out 6-3 (Groundball, 6D, EV 105.0 MPH)
|
| Bottom of the 4th over - 0 runs, 0 hits, 0 errors, 0 left on base; Arkansas 2 - Northwest Arkansas 1 |
| TOP OF THE 5TH |
|
Arkansas Travelers batting - Pitching for Northwest Arkansas Naturals : RHP Nam Phong
|
|
Batting: RHB Ricky Mejicanos
|
0-0: Called Strike 0-1: Ball 1-1: Called Strike 1-2: Strikes out looking
|
|
Batting: RHB Juan Montez
|
0-0: Ground out 5-3 (Groundball, 56, EV 103.1 MPH)
|
|
Batting: LHB Mutsuo IIda
|
0-0: Called Strike 0-1: Swinging Strike 0-2: Strikes out swinging
|
| Top of the 5th over - 0 runs, 0 hits, 0 errors, 0 left on base; Arkansas 2 - Northwest Arkansas 1 |
| BOTTOM OF THE 5TH |
|
Northwest Arkansas Naturals batting - Pitching for Arkansas Travelers : RHP Jake Bruen
|
|
Batting: RHB Jon Griffin
|
0-0: Ball 1-0: Ball 2-0: Fly out, F9 (Flyball, 89S, EV 87.5 MPH)
|
|
Batting: RHB Nate De Jongh
|
0-0: Ball 1-0: Ball 2-0: Foul Ball, location: 2F 2-1: Ground out U3 (Groundball, 34, EV 104.4 MPH)
|
|
Batting: SHB Danny Ballenger
|
0-0: Ball 1-0: Ball 2-0: Ball 3-0: Foul Ball, location: 2F 3-1: Base on Balls
|
|
Batting: RHB Kevin Allen
|
0-0: Ball 1-0: Ball 2-0: Ball 3-0: Foul Ball, location: 2F 3-1: Swinging Strike 3-2: Base on Balls Danny Ballenger to second
|
|
Pitching: RHP Jose Alvarado
|
|
|
Batting: RHB Carlos Almada
|
0-0: Ball 1-0: Called Strike 1-1: Called Strike 1-2: SINGLE (Groundball, 56, EV 95.0 MPH) Danny Ballenger to third Kevin Allen to second Runner from 3rd tries for Home, SAFE, throw by LF to home
|
|
Batting: LHB Pablo Serrato
|
0-0: Swinging Strike 0-1: Ball 1-1: Foul Ball, location: 2F 1-2: Foul Ball, location: 2F 1-2: Foul Ball, location: 2F 1-2: Ball 2-2: Strikes out swinging
|
| Bottom of the 5th over - 1 run, 1 hit, 0 errors, 2 left on base; Arkansas 2 - Northwest Arkansas 2 |
| TOP OF THE 6TH |
|
Arkansas Travelers batting - Pitching for Northwest Arkansas Naturals : RHP Nam Phong
|
|
Batting: RHB Kyler Seitz
|
0-0: Swinging Strike 0-1: Ground out 6-3 (Groundball, 6, EV 84.4 MPH)
|
|
Pitching: RHP Josh Rutledge
|
|
|
Batting: LHB Dave Hicks
|
0-0: Swinging Strike 0-1: Ball 1-1: DOUBLE (Flyball, 89D, EV 90.0 MPH)
|
|
Batting: RHB Kinya Nishimura
|
0-0: Called Strike 0-1: Ball 1-1: Ground out 6-3 (Groundball, 6, EV 86.9 MPH) Dave Hicks to third
|
|
Batting: RHB Ryan Pelletier
|
0-0: Foul Ball, location: 2F 0-1: Called Strike 0-2: SINGLE (Groundball, 56D, EV 105.0 MPH) Dave Hicks scores
|
|
Batting: SHB Tim Connell
|
0-0: Ball 1-0: Foul Ball, location: 2F 1-1: Ball 2-1: Foul Ball, location: 2F 2-2: Ball 3-2: Ground out 4-3 (Groundball, 34S, EV 88.1 MPH)
|
| Top of the 6th over - 1 run, 2 hits, 0 errors, 1 left on base; Arkansas 3 - Northwest Arkansas 2 |
| BOTTOM OF THE 6TH |
|
Northwest Arkansas Naturals batting - Pitching for Arkansas Travelers : RHP Jose Alvarado
|
|
Batting: RHB Chang-keun Baik
|
0-0: Fly out, F8 (Flyball, 8RD, EV 103.1 MPH)
|
|
Batting: RHB Nick Julien
|
0-0: Ball 1-0: Ball 2-0: Ball 3-0: Base on Balls
|
|
Batting: RHB Edwin Ramos
|
0-0: Fielders Choice at 2nd, 6-4 (Groundball, 56, EV 100.6 MPH)
|
|
Batting: RHB Jon Griffin
|
0-0: Called Strike 0-1: Foul Ball, location: 2F 0-2: Ball 1-2: Ball Wild Pitch! Edwin Ramos to second 2-2: Strikes out swinging
|
| Bottom of the 6th over - 0 runs, 0 hits, 0 errors, 1 left on base; Arkansas 3 - Northwest Arkansas 2 |
| TOP OF THE 7TH |
|
Arkansas Travelers batting - Pitching for Northwest Arkansas Naturals : RHP Josh Rutledge
|
|
Batting: RHB Nick Lombardo
|
0-0: Ball 1-0: Called Strike 1-1: Foul Ball, location: 2F 1-2: Ball 2-2: Ball 3-2: Base on Balls
|
|
Batting: RHB Ricky Mejicanos
|
0-0: Ball 1-0: Fly out, F9 (Flyball, 89M, EV 88.8 MPH)
|
|
Batting: RHB Juan Montez
|
0-0: Ball 1-0: Fly out, F8 (Flyball, 8RM, EV 88.8 MPH)
|
|
Batting: LHB Mutsuo IIda
|
0-0: SINGLE (Groundball, 4MD, EV 102.5 MPH) Nick Lombardo to second Runner from 2nd tries for 3rd, SAFE, throw by CF made to third
|
|
Batting: RHB Kyler Seitz
|
0-0: Ball Mutsuo IIda steals 2nd base 1-0: Ball 2-0: Called Strike 2-1: SINGLE (Flyball, 78S, EV 93.8 MPH) Nick Lombardo scores Mutsuo IIda to third
|
|
Batting: LHB Dave Hicks
|
0-0: Called Strike 0-1: Ball 1-1: Ball 2-1: DOUBLE (Line Drive, 9LM, EV 100.6 MPH) Mutsuo IIda scores Kyler Seitz to third
|
|
Pitching: RHP Gary Ackerman
|
|
|
Batting: RHB Kinya Nishimura
|
0-0: Ball 1-0: Ball 2-0: Foul Ball, location: 2F 2-1: Foul Ball, location: 2F 2-2: Strikes out swinging
|
| Top of the 7th over - 2 runs, 3 hits, 0 errors, 2 left on base; Arkansas 5 - Northwest Arkansas 2 |
| BOTTOM OF THE 7TH |
|
Northwest Arkansas Naturals batting - Pitching for Arkansas Travelers : RHP Jose Alvarado
|
|
Batting: RHB Nate De Jongh
|
0-0: Ball 1-0: Called Strike 1-1: Foul Ball, location: 2F 1-2: Ground out 6-3 (Groundball, 4MD, EV 86.9 MPH)
|
|
Batting: SHB Danny Ballenger
|
0-0: Ball 1-0: Swinging Strike 1-1: Ball 2-1: Foul Ball, location: 2F 2-2: Strikes out swinging
|
|
Batting: RHB Kevin Allen
|
0-0: Ball 1-0: Swinging Strike 1-1: Ball 2-1: Foul Ball, location: 2F 2-2: Ball 3-2: Ground out 5-3 (Groundball, 56S, EV 65.6 MPH)
|
| Bottom of the 7th over - 0 runs, 0 hits, 0 errors, 0 left on base; Arkansas 5 - Northwest Arkansas 2 |
| TOP OF THE 8TH |
|
Arkansas Travelers batting - Pitching for Northwest Arkansas Naturals : RHP Gary Ackerman
|
|
Batting: RHB Ryan Pelletier
|
0-0: Called Strike 0-1: Ball 1-1: Ball 2-1: Ball 3-1: DOUBLE (Flyball, 78D, EV 100.0 MPH)
|
|
Batting: SHB Tim Connell
|
0-0: Ball 1-0: Swinging Strike 1-1: Foul Ball, location: 2F 1-2: Strikes out looking
|
|
Batting: RHB Nick Lombardo
|
0-0: Called Strike 0-1: Swinging Strike 0-2: Ground out 6-3 (Groundball, 6, EV 107.5 MPH)
|
|
Batting: RHB Ricky Mejicanos
|
0-0: Ball 1-0: Ball 2-0: Ball 3-0: Fly out, F3 (Popup, 34S, EV 66.2 MPH)
|
| Top of the 8th over - 0 runs, 1 hit, 0 errors, 1 left on base; Arkansas 5 - Northwest Arkansas 2 |
| BOTTOM OF THE 8TH |
|
Northwest Arkansas Naturals batting - Pitching for Arkansas Travelers : RHP Jose Alvarado
|
|
Pitching: RHP Nick Madrid
|
|
|
Batting: RHB Carlos Almada
|
0-0: Called Strike 0-1: Foul Ball, location: 2F 0-2: Ball 1-2: Strikes out swinging
|
|
Batting: LHB Pablo Serrato
|
0-0: Ball 1-0: Foul Ball, location: 2F 1-1: Called Strike 1-2: Ball 2-2: Strikes out looking
|
|
Batting: RHB Chang-keun Baik
|
0-0: Ball 1-0: Foul Ball, location: 2F 1-1: Foul Ball, location: 2F 1-2: TRIPLE (Flyball, 8LXD, EV 100.6 MPH)
|
|
Batting: RHB Nick Julien
|
0-0: Ball 1-0: Swinging Strike 1-1: Foul Ball, location: 2F 1-2: Strikes out looking
|
| Bottom of the 8th over - 0 runs, 1 hit, 0 errors, 1 left on base; Arkansas 5 - Northwest Arkansas 2 |
| TOP OF THE 9TH |
|
Arkansas Travelers batting - Pitching for Northwest Arkansas Naturals : RHP Gary Ackerman
|
|
Pitching: LHP Ken Milhouse
|
|
|
Batting: RHB Juan Montez
|
0-0: Ball 1-0: Called Strike 1-1: TRIPLE (Flyball, 9LD, EV 96.2 MPH)
|
|
Batting: LHB Mutsuo IIda
|
0-0: Ball 1-0: Ground out 5-3 (Groundball, 56, EV 86.2 MPH) Juan Montez scores
|
|
Batting: RHB Kyler Seitz
|
0-0: Ball 1-0: Swinging Strike 1-1: Ball 2-1: Swinging Strike 2-2: Strikes out swinging
|
|
Batting: LHB Dave Hicks
|
0-0: Ball 1-0: Foul Ball, location: 2F 1-1: Called Strike 1-2: Foul Ball, location: 2F 1-2: Fly out, F8 (Line Drive, 8LS, EV 88.8 MPH)
|
| Top of the 9th over - 1 run, 1 hit, 0 errors, 0 left on base; Arkansas 6 - Northwest Arkansas 2 |
| BOTTOM OF THE 9TH |
|
Northwest Arkansas Naturals batting - Pitching for Arkansas Travelers : RHP Nick Madrid
|
|
Pitching: LHP Kyle Worford
|
|
|
Batting: RHB Edwin Ramos
|
0-0: Ball 1-0: Called Strike 1-1: Foul Ball, location: 2F 1-2: Strikes out swinging
|
|
Batting: RHB Jon Griffin
|
0-0: Called Strike 0-1: Ball 1-1: Ball 2-1: Ball 3-1: Foul Ball, location: 2F 3-2: SINGLE (Flyball, 4D, EV 90.6 MPH)
|
|
Batting: RHB Nate De Jongh
|
0-0: Ball 1-0: Foul Ball, location: 2F 1-1: Foul Ball, location: 2F 1-2: Ball 2-2: Foul Ball, location: 2F 2-2: Strikes out swinging
|
|
Batting: SHB Danny Ballenger
|
0-0: Ball 1-0: SINGLE (Groundball, 34S, EV 86.2 MPH) (infield hit) Jon Griffin to second
|
|
Pitching: LHP Ismael Diaz
|
|
|
Batting: RHB Kevin Allen
|
0-0: Swinging Strike 0-1: Ball 1-1: Called Strike 1-2: Strikes out looking
|
| Bottom of the 9th over - 0 runs, 2 hits, 0 errors, 2 left on base; Arkansas 6 - Northwest Arkansas 2 |
|